 Dungeon Crawl Stone Soup version 0.31-a0-196-g86fe4a5e66 (webtiles) character file.

Game seed: 14630760402953582822

279 qw the Skirmisher (level 6, 34/34 HPs)
             Began as a Deep Elf Hunter on June 24, 2023.
             Quit the game on level 6 of the Dungeon.
             The game lasted 00:05:57 (3222 turns).

qw the Skirmisher (Deep Elf Hunter)                 Turns: 3222, Time: 00:05:58

Health: 34/34      AC:  6    Str: 10    XL:     6   Next: 5%
Magic:  8/8        EV: 12    Int: 14    God:
Gold:   61         SH:  0    Dex: 18    Spells: 5/5 levels left

rFire   . . .        Y - +1 orcbow (flame)
rCold   + . .        (shield currently unavailable)
rNeg    . . .        b - +0 ring mail
rPois   .            (no helmet)
rElec   .            (no cloak)
rCorr   .            (no gloves)
SInv    .            l - +0 pair of boots
Will    .....        (no amulet)
Stlth   +            a - ring of protection from cold
HPRegen 0.25/turn    (no ring)
MPRegen 0.11/turn

%: no passive effects
@: no status effects
A: no striking features
a: no special abilities


You were on level 6 of the Dungeon.
You visited 1 branch of the dungeon, and saw 4 of its levels.

You collected 90 gold pieces.
You spent 29 gold pieces at shops.


   Skills:
 + Level 1.5 Fighting
 - Level 9.1 Ranged Weapons
 - Level 3.8 Dodging
 - Level 1.2 Stealth


You had 5 spell levels left.
You didn't know any spells.
Your spell library was empty.

Inventory:

Hand Weapons
 Y - a +1 orcbow of flaming (weapon)
Armour
 b - a +0 ring mail (worn)
 l - a +0 pair of boots (worn)
Jewellery
 a - a ring of protection from cold (left hand)
Scrolls
 k - a scroll of identify
Potions
 d - a potion of degeneration {unknown}
 e - a potion of might
 f - a potion of brilliance {unknown}
 g - a potion of enlightenment {unknown}
 h - a potion of invisibility {unknown}
 j - a potion of attraction {unknown}
 m - a potion of mutation {unknown}

Dungeon Overview and Level Annotations

Branches:
Dungeon (6/15)
 Temple: D:4-7

Altars:

Shops:
D:3 *


Message History

Where to? (* - list waypoints, Enter - D:5, ? - help)
What level of the Dungeon? (default 1, ? - help) Sorry, I don't know how to get there.
3214 ||| Stepping randomly (stuck).
(D) Dungeon
Where to? (* - list waypoints, Enter - D:5, ? - help)
What level of the Dungeon? (default 1, ? - help) Sorry, I don't know how to get there.
3215 ||| Stepping randomly (stuck).
(D) Dungeon
Where to? (* - list waypoints, Enter - D:5, ? - help)
What level of the Dungeon? (default 1, ? - help) Sorry, I don't know how to get there.
3216 ||| Stepping randomly (stuck).
(D) Dungeon
Where to? (* - list waypoints, Enter - D:5, ? - help)
What level of the Dungeon? (default 1, ? - help) Sorry, I don't know how to get there.
3217 ||| Stepping randomly (stuck).
(D) Dungeon
Where to? (* - list waypoints, Enter - D:5, ? - help)
What level of the Dungeon? (default 1, ? - help) Sorry, I don't know how to get there.
3218 ||| Stepping randomly (stuck).
(D) Dungeon
Where to? (* - list waypoints, Enter - D:5, ? - help)
What level of the Dungeon? (default 1, ? - help) Sorry, I don't know how to get there.
3219 ||| Stepping randomly (stuck).
(D) Dungeon
Where to? (* - list waypoints, Enter - D:5, ? - help)
What level of the Dungeon? (default 1, ? - help) Sorry, I don't know how to get there.
3220 ||| Stepping randomly (stuck).
(D) Dungeon
Where to? (* - list waypoints, Enter - D:5, ? - help)
What level of the Dungeon? (default 1, ? - help) Sorry, I don't know how to get there.
3221 ||| Stepping randomly (stuck).
Are you sure you want to abandon this character and quit the game? (Confirm with "yes".)

... #.# #.# #.# #.# #.# #.#
#.# ##'## #.# ##...##
#######.# ##.....## #.......#
##...[[..###.##..#.#
#.....)...##.#..@#.########...
'...).....'..?.........)....$.
#.........##.#...#.########...
##.......###.##.##.# ##.....##
#.##.##.# ##...## #.##.##.#
##'## #.......# #.# ####.####
#.# #.#


There were no monsters in sight!

Vanquished Creatures
  A centaur (D:6)
  2 scorpions (D:6)
  An adder (D:2)
  A white imp (D:6)
  2 worms (D:2)
  A dart slug (D:1)
  6 orcs
  5 bats
  5 endoplasms
  A giant cockroach (D:1)
  4 hobgoblins
  3 jackals
  2 quokkas
  4 ball pythons (D:1)
  3 frilled lizards
  7 goblins
  6 kobolds
  2 rats (D:2)
56 creatures vanquished.

Notes
Turn   | Place    | Note
-------+----------+-------------------------------------------
     0 | D:1      | qw the Deep Elf Hunter began the quest for the Orb.
     0 | D:1      | Reached XP level 1. HP: 12/12 MP: 3/3
     0 | D:1      | 0 ||| qw: Version: 0.3-a-9-g12657ce
     0 | D:1      | 0 ||| qw: Game counter: 4785
     0 | D:1      | 0 ||| qw: Always use a shield: true
     0 | D:1      | 0 ||| qw: God list: Okawaru
     0 | D:1      | 0 ||| qw: Allow faded altars: false
     0 | D:1      | 0 ||| qw: Do Orc after D:15 true
     0 | D:1      | 0 ||| qw: Do second Lair branch before Depths: true
     0 | D:1      | 0 ||| qw: Lair rune preference: random
     0 | D:1      | 0 ||| qw: Plans: Normal
     0 | D:1      | 0 ||| PLANNING D:1-11
   108 | D:1      | 108 ||| FLEEEEING.
   113 | D:1      | Reached XP level 2. HP: 12/16 MP: 4/4
   168 | D:1      | Reached skill level 6 in Ranged Weapons
   734 | D:1      | 734 ||| UPGRADING to +0 pair of boots.
   739 | D:1      | 739 ||| READING scroll labelled TIM FYAWISAU.
   740 | D:1      | 740 ||| READING 2 scrolls labelled JAELUBB CUOGU.
   741 | D:1      | 741 ||| READING scroll labelled UMOMPUMEFF.
   742 | D:1      | 742 ||| READING scroll labelled UXEMECK ICUOLE.
   743 | D:1      | 743 ||| DRINKING 2 green potions.
   744 | D:1      | 744 ||| DROPPING scroll of butterflies.
   745 | D:1      | 745 ||| DROPPING scroll of blinking.
   747 | D:1      | 747 ||| Stepping ~*~*~tactically~*~*~ (cloud).
   748 | D:1      | 748 ||| DRINKING potion of curing.
   748 | D:1      | 748 ||| (to cure poison)
   923 | D:2      | Reached XP level 3. HP: 20/20 MP: 5/5
  1064 | D:2      | Reached skill level 7 in Ranged Weapons
  1493 | D:2      | 1493 ||| READING scroll labelled GIHIH BEWNISEMN.
  1494 | D:2      | 1494 ||| READING scroll labelled VINYNI NYENOE.
  1495 | D:2      | 1495 ||| DRINKING 2 sapphire potions.
  1542 | D:3      | 1542 ||| STAIRDANCE
  1637 | D:3      | Found Weufiut's Assorted Antiques.
  1642 | D:3      | 1642 ||| SHOPLISTING helmet (130 gold, have 49).
  1642 | D:3      | 1642 ||| BUYING scroll labelled AGIUPO KIPP (29 gold).
  1642 | D:3      | Bought a scroll labelled AGIUPO KIPP for 29 gold pieces
  1642 | D:3      | 1642 ||| SHOPLISTING scroll labelled AGIUPO KIPP (29 gold,
                  | have 20).
  1642 | D:3      | 1642 ||| SHOPLISTING scroll labelled XUKAUDWIDIU (29 gold,
                  | have 20).
  1642 | D:3      | 1642 ||| SHOPLISTING steaming golden ring (145 gold, have
                  | 20).
  1707 | D:3      | Reached XP level 4. HP: 25/25 MP: 6/6
  1713 | D:3      | You fall into a shaft and drop 3 floors!
  1765 | D:6      | Noticed a scorpion
  1777 | D:6      | HP: 4/25 [scorpion (5)]
  1778 | D:6      | Killed a scorpion
  1779 | D:6      | Reached skill level 8 in Ranged Weapons
  1779 | D:6      | 1779 ||| DRINKING potion of curing.
  1779 | D:6      | 1779 ||| (to cure poison)
  1898 | D:6      | Noticed a centaur
  1901 | D:6      | HP: 4/25 [centaur/arrow (9)]
  1902 | D:6      | Killed a centaur
  1903 | D:6      | Reached skill level 9 in Ranged Weapons
  1903 | D:6      | Reached XP level 5. HP: 5/29 MP: 7/7
  2070 | D:6      | 2070 ||| SWAPPING to +0 orcbow.
  2071 | D:6      | 2071 ||| DROPPING +0 shortbow.
  2109 | D:6      | 2109 ||| UPGRADING to ring of protection from cold.
  2110 | D:6      | 2110 ||| READING scroll labelled IROPOVVUAS.
  2111 | D:6      | 2111 ||| READING scroll labelled DATEQI KURAI.
  2200 | D:6      | 2200 ||| READING 2 scrolls labelled AGIUPO KIPP.
  2201 | D:6      | 2201 ||| READING scroll labelled XYUPNU IS XAURA.
  2202 | D:6      | 2202 ||| Stepping randomly (stuck).
  2203 | D:6      | 2203 ||| Stepping randomly (stuck).
  2204 | D:6      | 2204 ||| Stepping randomly (stuck).
  2205 | D:6      | 2205 ||| Stepping randomly (stuck).
  2206 | D:6      | 2206 ||| Stepping randomly (stuck).
  2207 | D:6      | 2207 ||| Stepping randomly (stuck).
  2208 | D:6      | 2208 ||| Stepping randomly (stuck).
  2209 | D:6      | 2209 ||| Stepping randomly (stuck).
  2210 | D:6      | 2210 ||| Stepping randomly (stuck).
  2211 | D:6      | 2211 ||| Stepping randomly (stuck).
  2212 | D:6      | 2212 ||| Stepping randomly (stuck).
  2213 | D:6      | 2213 ||| Stepping randomly (stuck).
  2214 | D:6      | 2214 ||| Stepping randomly (stuck).
  2215 | D:6      | 2215 ||| Stepping randomly (stuck).
  2216 | D:6      | 2216 ||| Stepping randomly (stuck).
  2217 | D:6      | 2217 ||| Stepping randomly (stuck).
  2218 | D:6      | 2218 ||| Stepping randomly (stuck).
  2219 | D:6      | 2219 ||| Stepping randomly (stuck).
  2220 | D:6      | 2220 ||| Stepping randomly (stuck).
  2221 | D:6      | 2221 ||| Stepping randomly (stuck).
  2222 | D:6      | 2222 ||| Stepping randomly (stuck).
  2223 | D:6      | 2223 ||| Stepping randomly (stuck).
  2224 | D:6      | 2224 ||| Stepping randomly (stuck).
  2225 | D:6      | 2225 ||| Stepping randomly (stuck).
  2226 | D:6      | 2226 ||| Stepping randomly (stuck).
  2227 | D:6      | 2227 ||| Stepping randomly (stuck).
  2228 | D:6      | 2228 ||| Stepping randomly (stuck).
  2229 | D:6      | 2229 ||| Stepping randomly (stuck).
  2230 | D:6      | 2230 ||| Stepping randomly (stuck).
  2231 | D:6      | 2231 ||| Stepping randomly (stuck).
  2232 | D:6      | 2232 ||| Stepping randomly (stuck).
  2233 | D:6      | 2233 ||| Stepping randomly (stuck).
  2234 | D:6      | 2234 ||| Stepping randomly (stuck).
  2235 | D:6      | 2235 ||| Stepping randomly (stuck).
  2240 | D:6      | Reached skill level 3 in Dodging
  2240 | D:6      | Reached XP level 6. HP: 34/34 MP: 8/8
  2240 | D:6      | 2240 ||| Stepping randomly (stuck).
  2241 | D:6      | 2241 ||| Stepping randomly (stuck).
  2242 | D:6      | 2242 ||| Stepping randomly (stuck).
  2243 | D:6      | 2243 ||| Stepping randomly (stuck).
  2244 | D:6      | 2244 ||| Stepping randomly (stuck).
  2245 | D:6      | 2245 ||| Stepping randomly (stuck).
  2246 | D:6      | 2246 ||| Stepping randomly (stuck).
  2247 | D:6      | 2247 ||| Stepping randomly (stuck).
  2248 | D:6      | 2248 ||| Stepping randomly (stuck).
  2249 | D:6      | 2249 ||| Stepping randomly (stuck).
  2250 | D:6      | 2250 ||| Stepping randomly (stuck).
  2251 | D:6      | 2251 ||| Stepping randomly (stuck).
  2252 | D:6      | 2252 ||| Stepping randomly (stuck).
  2253 | D:6      | 2253 ||| Stepping randomly (stuck).
  2254 | D:6      | 2254 ||| Stepping randomly (stuck).
  2255 | D:6      | 2255 ||| Stepping randomly (stuck).
  2256 | D:6      | 2256 ||| Stepping randomly (stuck).
  2257 | D:6      | 2257 ||| Stepping randomly (stuck).
  2258 | D:6      | 2258 ||| Stepping randomly (stuck).
  2259 | D:6      | 2259 ||| Stepping randomly (stuck).
  2260 | D:6      | 2260 ||| Stepping randomly (stuck).
  2261 | D:6      | 2261 ||| Stepping randomly (stuck).
  2262 | D:6      | 2262 ||| Stepping randomly (stuck).
  2263 | D:6      | 2263 ||| Stepping randomly (stuck).
  2264 | D:6      | 2264 ||| Stepping randomly (stuck).
  2265 | D:6      | 2265 ||| Stepping randomly (stuck).
  2266 | D:6      | 2266 ||| Stepping randomly (stuck).
  2267 | D:6      | 2267 ||| Stepping randomly (stuck).
  2268 | D:6      | 2268 ||| Stepping randomly (stuck).
  2269 | D:6      | 2269 ||| Stepping randomly (stuck).
  2270 | D:6      | 2270 ||| Stepping randomly (stuck).
  2271 | D:6      | 2271 ||| Stepping randomly (stuck).
  2272 | D:6      | 2272 ||| Stepping randomly (stuck).
  2273 | D:6      | 2273 ||| Stepping randomly (stuck).
  2274 | D:6      | 2274 ||| Stepping randomly (stuck).
  2275 | D:6      | 2275 ||| Stepping randomly (stuck).
  2276 | D:6      | 2276 ||| Stepping randomly (stuck).
  2277 | D:6      | 2277 ||| Stepping randomly (stuck).
  2278 | D:6      | 2278 ||| Stepping randomly (stuck).
  2279 | D:6      | 2279 ||| Stepping randomly (stuck).
  2280 | D:6      | 2280 ||| Stepping randomly (stuck).
  2281 | D:6      | 2281 ||| Stepping randomly (stuck).
  2282 | D:6      | 2282 ||| Stepping randomly (stuck).
  2283 | D:6      | 2283 ||| Stepping randomly (stuck).
  2284 | D:6      | 2284 ||| Stepping randomly (stuck).
  2285 | D:6      | 2285 ||| Stepping randomly (stuck).
  2286 | D:6      | 2286 ||| Stepping randomly (stuck).
  2287 | D:6      | 2287 ||| Stepping randomly (stuck).
  2288 | D:6      | 2288 ||| Stepping randomly (stuck).
  2289 | D:6      | 2289 ||| Stepping randomly (stuck).
  2290 | D:6      | 2290 ||| Stepping randomly (stuck).
  2291 | D:6      | 2291 ||| Stepping randomly (stuck).
  2292 | D:6      | 2292 ||| Stepping randomly (stuck).
  2293 | D:6      | 2293 ||| Stepping randomly (stuck).
  2294 | D:6      | 2294 ||| Stepping randomly (stuck).
  2295 | D:6      | 2295 ||| Stepping randomly (stuck).
  2296 | D:6      | 2296 ||| Stepping randomly (stuck).
  2297 | D:6      | 2297 ||| Stepping randomly (stuck).
  2298 | D:6      | 2298 ||| Stepping randomly (stuck).
  2299 | D:6      | 2299 ||| Stepping randomly (stuck).
  2300 | D:6      | 2300 ||| Stepping randomly (stuck).
  2301 | D:6      | 2301 ||| Stepping randomly (stuck).
  2302 | D:6      | 2302 ||| Stepping randomly (stuck).
  2303 | D:6      | 2303 ||| Stepping randomly (stuck).
  2304 | D:6      | 2304 ||| Stepping randomly (stuck).
  2305 | D:6      | 2305 ||| Stepping randomly (stuck).
  2306 | D:6      | 2306 ||| Stepping randomly (stuck).
  2307 | D:6      | 2307 ||| Stepping randomly (stuck).
  2308 | D:6      | 2308 ||| Stepping randomly (stuck).
  2309 | D:6      | 2309 ||| Stepping randomly (stuck).
  2310 | D:6      | 2310 ||| Stepping randomly (stuck).
  2311 | D:6      | 2311 ||| Stepping randomly (stuck).
  2312 | D:6      | 2312 ||| Stepping randomly (stuck).
  2313 | D:6      | 2313 ||| Stepping randomly (stuck).
  2314 | D:6      | 2314 ||| Stepping randomly (stuck).
  2315 | D:6      | 2315 ||| Stepping randomly (stuck).
  2316 | D:6      | 2316 ||| Stepping randomly (stuck).
  2317 | D:6      | 2317 ||| Stepping randomly (stuck).
  2318 | D:6      | 2318 ||| Stepping randomly (stuck).
  2319 | D:6      | 2319 ||| Stepping randomly (stuck).
  2320 | D:6      | 2320 ||| Stepping randomly (stuck).
  2321 | D:6      | 2321 ||| Stepping randomly (stuck).
  2322 | D:6      | 2322 ||| Stepping randomly (stuck).
  2323 | D:6      | 2323 ||| Stepping randomly (stuck).
  2324 | D:6      | 2324 ||| Stepping randomly (stuck).
  2325 | D:6      | 2325 ||| Stepping randomly (stuck).
  2326 | D:6      | 2326 ||| Stepping randomly (stuck).
  2327 | D:6      | 2327 ||| Stepping randomly (stuck).
  2328 | D:6      | 2328 ||| Stepping randomly (stuck).
  2329 | D:6      | 2329 ||| Stepping randomly (stuck).
  2330 | D:6      | 2330 ||| Stepping randomly (stuck).
  2331 | D:6      | 2331 ||| Stepping randomly (stuck).
  2332 | D:6      | 2332 ||| Stepping randomly (stuck).
  2333 | D:6      | 2333 ||| Stepping randomly (stuck).
  2334 | D:6      | 2334 ||| Stepping randomly (stuck).
  2335 | D:6      | 2335 ||| Stepping randomly (stuck).
  2336 | D:6      | 2336 ||| Stepping randomly (stuck).
  2337 | D:6      | 2337 ||| Stepping randomly (stuck).
  2338 | D:6      | 2338 ||| Stepping randomly (stuck).
  2339 | D:6      | 2339 ||| Stepping randomly (stuck).
  2340 | D:6      | 2340 ||| Stepping randomly (stuck).
  2341 | D:6      | 2341 ||| Stepping randomly (stuck).
  2342 | D:6      | 2342 ||| Stepping randomly (stuck).
  2343 | D:6      | 2343 ||| Stepping randomly (stuck).
  2344 | D:6      | 2344 ||| Stepping randomly (stuck).
  2345 | D:6      | 2345 ||| Stepping randomly (stuck).
  2346 | D:6      | 2346 ||| Stepping randomly (stuck).
  2347 | D:6      | 2347 ||| Stepping randomly (stuck).
  2348 | D:6      | 2348 ||| Stepping randomly (stuck).
  2349 | D:6      | 2349 ||| Stepping randomly (stuck).
  2350 | D:6      | 2350 ||| Stepping randomly (stuck).
  2351 | D:6      | 2351 ||| Stepping randomly (stuck).
  2352 | D:6      | 2352 ||| Stepping randomly (stuck).
  2353 | D:6      | 2353 ||| Stepping randomly (stuck).
  2354 | D:6      | 2354 ||| Stepping randomly (stuck).
  2355 | D:6      | 2355 ||| Stepping randomly (stuck).
  2356 | D:6      | 2356 ||| Stepping randomly (stuck).
  2357 | D:6      | 2357 ||| Stepping randomly (stuck).
  2358 | D:6      | 2358 ||| Stepping randomly (stuck).
  2359 | D:6      | 2359 ||| Stepping randomly (stuck).
  2360 | D:6      | 2360 ||| Stepping randomly (stuck).
  2361 | D:6      | 2361 ||| Stepping randomly (stuck).
  2362 | D:6      | 2362 ||| Stepping randomly (stuck).
  2363 | D:6      | 2363 ||| Stepping randomly (stuck).
  2364 | D:6      | 2364 ||| Stepping randomly (stuck).
  2365 | D:6      | 2365 ||| Stepping randomly (stuck).
  2366 | D:6      | 2366 ||| Stepping randomly (stuck).
  2367 | D:6      | 2367 ||| Stepping randomly (stuck).
  2368 | D:6      | 2368 ||| Stepping randomly (stuck).
  2369 | D:6      | 2369 ||| Stepping randomly (stuck).
  2370 | D:6      | 2370 ||| Stepping randomly (stuck).
  2371 | D:6      | 2371 ||| Stepping randomly (stuck).
  2372 | D:6      | 2372 ||| Stepping randomly (stuck).
  2373 | D:6      | 2373 ||| Stepping randomly (stuck).
  2374 | D:6      | 2374 ||| Stepping randomly (stuck).
  2375 | D:6      | 2375 ||| Stepping randomly (stuck).
  2376 | D:6      | 2376 ||| Stepping randomly (stuck).
  2377 | D:6      | 2377 ||| Stepping randomly (stuck).
  2378 | D:6      | 2378 ||| Stepping randomly (stuck).
  2379 | D:6      | 2379 ||| Stepping randomly (stuck).
  2380 | D:6      | 2380 ||| Stepping randomly (stuck).
  2381 | D:6      | 2381 ||| Stepping randomly (stuck).
  2382 | D:6      | 2382 ||| Stepping randomly (stuck).
  2383 | D:6      | 2383 ||| Stepping randomly (stuck).
  2384 | D:6      | 2384 ||| Stepping randomly (stuck).
  2385 | D:6      | 2385 ||| Stepping randomly (stuck).
  2386 | D:6      | 2386 ||| Stepping randomly (stuck).
  2387 | D:6      | 2387 ||| Stepping randomly (stuck).
  2388 | D:6      | 2388 ||| Stepping randomly (stuck).
  2389 | D:6      | 2389 ||| Stepping randomly (stuck).
  2390 | D:6      | 2390 ||| Stepping randomly (stuck).
  2391 | D:6      | 2391 ||| Stepping randomly (stuck).
  2392 | D:6      | 2392 ||| Stepping randomly (stuck).
  2393 | D:6      | 2393 ||| Stepping randomly (stuck).
  2394 | D:6      | 2394 ||| Stepping randomly (stuck).
  2395 | D:6      | 2395 ||| Stepping randomly (stuck).
  2396 | D:6      | 2396 ||| Stepping randomly (stuck).
  2397 | D:6      | 2397 ||| Stepping randomly (stuck).
  2398 | D:6      | 2398 ||| Stepping randomly (stuck).
  2399 | D:6      | 2399 ||| Stepping randomly (stuck).
  2400 | D:6      | 2400 ||| Stepping randomly (stuck).
  2401 | D:6      | 2401 ||| Stepping randomly (stuck).
  2402 | D:6      | 2402 ||| Stepping randomly (stuck).
  2403 | D:6      | 2403 ||| Stepping randomly (stuck).
  2404 | D:6      | 2404 ||| Stepping randomly (stuck).
  2405 | D:6      | 2405 ||| Stepping randomly (stuck).
  2406 | D:6      | 2406 ||| Stepping randomly (stuck).
  2407 | D:6      | 2407 ||| Stepping randomly (stuck).
  2408 | D:6      | 2408 ||| Stepping randomly (stuck).
  2409 | D:6      | 2409 ||| Stepping randomly (stuck).
  2410 | D:6      | 2410 ||| Stepping randomly (stuck).
  2411 | D:6      | 2411 ||| Stepping randomly (stuck).
  2412 | D:6      | 2412 ||| Stepping randomly (stuck).
  2413 | D:6      | 2413 ||| Stepping randomly (stuck).
  2414 | D:6      | 2414 ||| Stepping randomly (stuck).
  2415 | D:6      | 2415 ||| Stepping randomly (stuck).
  2416 | D:6      | 2416 ||| Stepping randomly (stuck).
  2417 | D:6      | 2417 ||| Stepping randomly (stuck).
  2418 | D:6      | 2418 ||| Stepping randomly (stuck).
  2419 | D:6      | 2419 ||| Stepping randomly (stuck).
  2420 | D:6      | 2420 ||| Stepping randomly (stuck).
  2421 | D:6      | 2421 ||| Stepping randomly (stuck).
  2422 | D:6      | 2422 ||| Stepping randomly (stuck).
  2423 | D:6      | 2423 ||| Stepping randomly (stuck).
  2424 | D:6      | 2424 ||| Stepping randomly (stuck).
  2425 | D:6      | 2425 ||| Stepping randomly (stuck).
  2426 | D:6      | 2426 ||| Stepping randomly (stuck).
  2427 | D:6      | 2427 ||| Stepping randomly (stuck).
  2428 | D:6      | 2428 ||| Stepping randomly (stuck).
  2429 | D:6      | 2429 ||| Stepping randomly (stuck).
  2430 | D:6      | 2430 ||| Stepping randomly (stuck).
  2431 | D:6      | 2431 ||| Stepping randomly (stuck).
  2432 | D:6      | 2432 ||| Stepping randomly (stuck).
  2433 | D:6      | 2433 ||| Stepping randomly (stuck).
  2434 | D:6      | 2434 ||| Stepping randomly (stuck).
  2435 | D:6      | 2435 ||| Stepping randomly (stuck).
  2436 | D:6      | 2436 ||| Stepping randomly (stuck).
  2437 | D:6      | 2437 ||| Stepping randomly (stuck).
  2438 | D:6      | 2438 ||| Stepping randomly (stuck).
  2439 | D:6      | 2439 ||| Stepping randomly (stuck).
  2440 | D:6      | 2440 ||| Stepping randomly (stuck).
  2441 | D:6      | 2441 ||| Stepping randomly (stuck).
  2442 | D:6      | 2442 ||| Stepping randomly (stuck).
  2443 | D:6      | 2443 ||| Stepping randomly (stuck).
  2444 | D:6      | 2444 ||| Stepping randomly (stuck).
  2445 | D:6      | 2445 ||| Stepping randomly (stuck).
  2446 | D:6      | 2446 ||| Stepping randomly (stuck).
  2447 | D:6      | 2447 ||| Stepping randomly (stuck).
  2448 | D:6      | 2448 ||| Stepping randomly (stuck).
  2449 | D:6      | 2449 ||| Stepping randomly (stuck).
  2450 | D:6      | 2450 ||| Stepping randomly (stuck).
  2451 | D:6      | 2451 ||| Stepping randomly (stuck).
  2452 | D:6      | 2452 ||| Stepping randomly (stuck).
  2453 | D:6      | 2453 ||| Stepping randomly (stuck).
  2454 | D:6      | 2454 ||| Stepping randomly (stuck).
  2455 | D:6      | 2455 ||| Stepping randomly (stuck).
  2456 | D:6      | 2456 ||| Stepping randomly (stuck).
  2457 | D:6      | 2457 ||| Stepping randomly (stuck).
  2458 | D:6      | 2458 ||| Stepping randomly (stuck).
  2459 | D:6      | 2459 ||| Stepping randomly (stuck).
  2460 | D:6      | 2460 ||| Stepping randomly (stuck).
  2461 | D:6      | 2461 ||| Stepping randomly (stuck).
  2462 | D:6      | 2462 ||| Stepping randomly (stuck).
  2463 | D:6      | 2463 ||| Stepping randomly (stuck).
  2464 | D:6      | 2464 ||| Stepping randomly (stuck).
  2465 | D:6      | 2465 ||| Stepping randomly (stuck).
  2466 | D:6      | 2466 ||| Stepping randomly (stuck).
  2467 | D:6      | 2467 ||| Stepping randomly (stuck).
  2468 | D:6      | 2468 ||| Stepping randomly (stuck).
  2469 | D:6      | 2469 ||| Stepping randomly (stuck).
  2470 | D:6      | 2470 ||| Stepping randomly (stuck).
  2471 | D:6      | 2471 ||| Stepping randomly (stuck).
  2472 | D:6      | 2472 ||| Stepping randomly (stuck).
  2473 | D:6      | 2473 ||| Stepping randomly (stuck).
  2474 | D:6      | 2474 ||| Stepping randomly (stuck).
  2475 | D:6      | 2475 ||| Stepping randomly (stuck).
  2476 | D:6      | 2476 ||| Stepping randomly (stuck).
  2477 | D:6      | 2477 ||| Stepping randomly (stuck).
  2478 | D:6      | 2478 ||| Stepping randomly (stuck).
  2479 | D:6      | 2479 ||| Stepping randomly (stuck).
  2480 | D:6      | 2480 ||| Stepping randomly (stuck).
  2481 | D:6      | 2481 ||| Stepping randomly (stuck).
  2482 | D:6      | 2482 ||| Stepping randomly (stuck).
  2483 | D:6      | 2483 ||| Stepping randomly (stuck).
  2484 | D:6      | 2484 ||| Stepping randomly (stuck).
  2485 | D:6      | 2485 ||| Stepping randomly (stuck).
  2486 | D:6      | 2486 ||| Stepping randomly (stuck).
  2487 | D:6      | 2487 ||| Stepping randomly (stuck).
  2488 | D:6      | 2488 ||| Stepping randomly (stuck).
  2489 | D:6      | 2489 ||| Stepping randomly (stuck).
  2490 | D:6      | 2490 ||| Stepping randomly (stuck).
  2491 | D:6      | 2491 ||| Stepping randomly (stuck).
  2492 | D:6      | 2492 ||| Stepping randomly (stuck).
  2493 | D:6      | 2493 ||| Stepping randomly (stuck).
  2494 | D:6      | 2494 ||| Stepping randomly (stuck).
  2495 | D:6      | 2495 ||| Stepping randomly (stuck).
  2496 | D:6      | 2496 ||| Stepping randomly (stuck).
  2497 | D:6      | 2497 ||| Stepping randomly (stuck).
  2498 | D:6      | 2498 ||| Stepping randomly (stuck).
  2499 | D:6      | 2499 ||| Stepping randomly (stuck).
  2500 | D:6      | 2500 ||| Stepping randomly (stuck).
  2501 | D:6      | 2501 ||| Stepping randomly (stuck).
  2502 | D:6      | 2502 ||| Stepping randomly (stuck).
  2503 | D:6      | 2503 ||| Stepping randomly (stuck).
  2504 | D:6      | 2504 ||| Stepping randomly (stuck).
  2505 | D:6      | 2505 ||| Stepping randomly (stuck).
  2506 | D:6      | 2506 ||| Stepping randomly (stuck).
  2507 | D:6      | 2507 ||| Stepping randomly (stuck).
  2508 | D:6      | 2508 ||| Stepping randomly (stuck).
  2509 | D:6      | 2509 ||| Stepping randomly (stuck).
  2510 | D:6      | 2510 ||| Stepping randomly (stuck).
  2511 | D:6      | 2511 ||| Stepping randomly (stuck).
  2512 | D:6      | 2512 ||| Stepping randomly (stuck).
  2513 | D:6      | 2513 ||| Stepping randomly (stuck).
  2514 | D:6      | 2514 ||| Stepping randomly (stuck).
  2515 | D:6      | 2515 ||| Stepping randomly (stuck).
  2516 | D:6      | 2516 ||| Stepping randomly (stuck).
  2517 | D:6      | 2517 ||| Stepping randomly (stuck).
  2518 | D:6      | 2518 ||| Stepping randomly (stuck).
  2519 | D:6      | 2519 ||| Stepping randomly (stuck).
  2520 | D:6      | 2520 ||| Stepping randomly (stuck).
  2521 | D:6      | 2521 ||| Stepping randomly (stuck).
  2522 | D:6      | 2522 ||| Stepping randomly (stuck).
  2523 | D:6      | 2523 ||| Stepping randomly (stuck).
  2524 | D:6      | 2524 ||| Stepping randomly (stuck).
  2525 | D:6      | 2525 ||| Stepping randomly (stuck).
  2526 | D:6      | 2526 ||| Stepping randomly (stuck).
  2527 | D:6      | 2527 ||| Stepping randomly (stuck).
  2528 | D:6      | 2528 ||| Stepping randomly (stuck).
  2529 | D:6      | 2529 ||| Stepping randomly (stuck).
  2530 | D:6      | 2530 ||| Stepping randomly (stuck).
  2531 | D:6      | 2531 ||| Stepping randomly (stuck).
  2532 | D:6      | 2532 ||| Stepping randomly (stuck).
  2533 | D:6      | 2533 ||| Stepping randomly (stuck).
  2534 | D:6      | 2534 ||| Stepping randomly (stuck).
  2535 | D:6      | 2535 ||| Stepping randomly (stuck).
  2536 | D:6      | 2536 ||| Stepping randomly (stuck).
  2537 | D:6      | 2537 ||| Stepping randomly (stuck).
  2538 | D:6      | 2538 ||| Stepping randomly (stuck).
  2539 | D:6      | 2539 ||| Stepping randomly (stuck).
  2540 | D:6      | 2540 ||| Stepping randomly (stuck).
  2541 | D:6      | 2541 ||| Stepping randomly (stuck).
  2542 | D:6      | 2542 ||| Stepping randomly (stuck).
  2543 | D:6      | 2543 ||| Stepping randomly (stuck).
  2544 | D:6      | 2544 ||| Stepping randomly (stuck).
  2545 | D:6      | 2545 ||| Stepping randomly (stuck).
  2546 | D:6      | 2546 ||| Stepping randomly (stuck).
  2547 | D:6      | 2547 ||| Stepping randomly (stuck).
  2548 | D:6      | 2548 ||| Stepping randomly (stuck).
  2549 | D:6      | 2549 ||| Stepping randomly (stuck).
  2551 | D:6      | 2551 ||| UPGRADING to +0 ring mail.
  2561 | D:6      | 2561 ||| DROPPING +0 leather armour.
  2562 | D:6      | 2562 ||| Stepping randomly (stuck).
  2563 | D:6      | 2563 ||| Stepping randomly (stuck).
  2565 | D:6      | 2565 ||| Stepping randomly (stuck).
  2566 | D:6      | 2566 ||| Stepping randomly (stuck).
  2567 | D:6      | 2567 ||| Stepping randomly (stuck).
  2568 | D:6      | 2568 ||| Stepping randomly (stuck).
  2569 | D:6      | 2569 ||| Stepping randomly (stuck).
  2570 | D:6      | 2570 ||| Stepping randomly (stuck).
  2571 | D:6      | 2571 ||| Stepping randomly (stuck).
  2572 | D:6      | 2572 ||| Stepping randomly (stuck).
  2573 | D:6      | 2573 ||| Stepping randomly (stuck).
  2574 | D:6      | 2574 ||| Stepping randomly (stuck).
  2575 | D:6      | 2575 ||| Stepping randomly (stuck).
  2576 | D:6      | 2576 ||| Stepping randomly (stuck).
  2577 | D:6      | 2577 ||| Stepping randomly (stuck).
  2578 | D:6      | 2578 ||| Stepping randomly (stuck).
  2579 | D:6      | 2579 ||| Stepping randomly (stuck).
  2580 | D:6      | 2580 ||| Stepping randomly (stuck).
  2581 | D:6      | 2581 ||| Stepping randomly (stuck).
  2582 | D:6      | 2582 ||| Stepping randomly (stuck).
  2583 | D:6      | 2583 ||| Stepping randomly (stuck).
  2584 | D:6      | 2584 ||| Stepping randomly (stuck).
  2585 | D:6      | 2585 ||| Stepping randomly (stuck).
  2587 | D:6      | 2587 ||| Stepping randomly (stuck).
  2588 | D:6      | 2588 ||| Stepping randomly (stuck).
  2589 | D:6      | 2589 ||| Stepping randomly (stuck).
  2590 | D:6      | 2590 ||| Stepping randomly (stuck).
  2591 | D:6      | 2591 ||| Stepping randomly (stuck).
  2592 | D:6      | 2592 ||| Stepping randomly (stuck).
  2593 | D:6      | 2593 ||| Stepping randomly (stuck).
  2594 | D:6      | 2594 ||| Stepping randomly (stuck).
  2595 | D:6      | 2595 ||| Stepping randomly (stuck).
  2596 | D:6      | 2596 ||| Stepping randomly (stuck).
  2597 | D:6      | 2597 ||| Stepping randomly (stuck).
  2598 | D:6      | 2598 ||| Stepping randomly (stuck).
  2599 | D:6      | 2599 ||| Stepping randomly (stuck).
  2600 | D:6      | 2600 ||| Stepping randomly (stuck).
  2601 | D:6      | 2601 ||| Stepping randomly (stuck).
  2602 | D:6      | 2602 ||| Stepping randomly (stuck).
  2603 | D:6      | 2603 ||| Stepping randomly (stuck).
  2604 | D:6      | 2604 ||| Stepping randomly (stuck).
  2605 | D:6      | 2605 ||| Stepping randomly (stuck).
  2606 | D:6      | 2606 ||| Stepping randomly (stuck).
  2607 | D:6      | 2607 ||| Stepping randomly (stuck).
  2608 | D:6      | 2608 ||| Stepping randomly (stuck).
  2609 | D:6      | 2609 ||| Stepping randomly (stuck).
  2610 | D:6      | 2610 ||| Stepping randomly (stuck).
  2611 | D:6      | 2611 ||| Stepping randomly (stuck).
  2612 | D:6      | 2612 ||| Stepping randomly (stuck).
  2613 | D:6      | 2613 ||| Stepping randomly (stuck).
  2614 | D:6      | 2614 ||| Stepping randomly (stuck).
  2615 | D:6      | 2615 ||| Stepping randomly (stuck).
  2616 | D:6      | 2616 ||| Stepping randomly (stuck).
  2617 | D:6      | 2617 ||| Stepping randomly (stuck).
  2618 | D:6      | 2618 ||| Stepping randomly (stuck).
  2619 | D:6      | 2619 ||| Stepping randomly (stuck).
  2620 | D:6      | 2620 ||| Stepping randomly (stuck).
  2621 | D:6      | 2621 ||| Stepping randomly (stuck).
  2622 | D:6      | 2622 ||| Stepping randomly (stuck).
  2623 | D:6      | 2623 ||| Stepping randomly (stuck).
  2624 | D:6      | 2624 ||| Stepping randomly (stuck).
  2625 | D:6      | 2625 ||| Stepping randomly (stuck).
  2626 | D:6      | 2626 ||| Stepping randomly (stuck).
  2627 | D:6      | 2627 ||| Stepping randomly (stuck).
  2628 | D:6      | 2628 ||| Stepping randomly (stuck).
  2629 | D:6      | 2629 ||| Stepping randomly (stuck).
  2630 | D:6      | 2630 ||| Stepping randomly (stuck).
  2631 | D:6      | 2631 ||| Stepping randomly (stuck).
  2632 | D:6      | 2632 ||| Stepping randomly (stuck).
  2633 | D:6      | 2633 ||| Stepping randomly (stuck).
  2634 | D:6      | 2634 ||| Stepping randomly (stuck).
  2635 | D:6      | 2635 ||| Stepping randomly (stuck).
  2636 | D:6      | 2636 ||| Stepping randomly (stuck).
  2637 | D:6      | 2637 ||| Stepping randomly (stuck).
  2638 | D:6      | 2638 ||| Stepping randomly (stuck).
  2639 | D:6      | 2639 ||| Stepping randomly (stuck).
  2640 | D:6      | 2640 ||| Stepping randomly (stuck).
  2641 | D:6      | 2641 ||| Stepping randomly (stuck).
  2642 | D:6      | 2642 ||| Stepping randomly (stuck).
  2643 | D:6      | 2643 ||| Stepping randomly (stuck).
  2644 | D:6      | 2644 ||| Stepping randomly (stuck).
  2645 | D:6      | 2645 ||| Stepping randomly (stuck).
  2646 | D:6      | 2646 ||| Stepping randomly (stuck).
  2647 | D:6      | 2647 ||| Stepping randomly (stuck).
  2648 | D:6      | 2648 ||| Stepping randomly (stuck).
  2649 | D:6      | 2649 ||| Stepping randomly (stuck).
  2650 | D:6      | 2650 ||| Stepping randomly (stuck).
  2651 | D:6      | 2651 ||| Stepping randomly (stuck).
  2652 | D:6      | 2652 ||| Stepping randomly (stuck).
  2653 | D:6      | 2653 ||| Stepping randomly (stuck).
  2654 | D:6      | 2654 ||| Stepping randomly (stuck).
  2655 | D:6      | 2655 ||| Stepping randomly (stuck).
  2656 | D:6      | 2656 ||| Stepping randomly (stuck).
  2657 | D:6      | 2657 ||| Stepping randomly (stuck).
  2658 | D:6      | 2658 ||| Stepping randomly (stuck).
  2659 | D:6      | 2659 ||| Stepping randomly (stuck).
  2660 | D:6      | 2660 ||| Stepping randomly (stuck).
  2661 | D:6      | 2661 ||| Stepping randomly (stuck).
  2662 | D:6      | 2662 ||| Stepping randomly (stuck).
  2663 | D:6      | 2663 ||| Stepping randomly (stuck).
  2664 | D:6      | 2664 ||| Stepping randomly (stuck).
  2665 | D:6      | 2665 ||| Stepping randomly (stuck).
  2666 | D:6      | 2666 ||| Stepping randomly (stuck).
  2667 | D:6      | 2667 ||| Stepping randomly (stuck).
  2668 | D:6      | 2668 ||| Stepping randomly (stuck).
  2669 | D:6      | 2669 ||| Stepping randomly (stuck).
  2670 | D:6      | 2670 ||| Stepping randomly (stuck).
  2671 | D:6      | 2671 ||| Stepping randomly (stuck).
  2672 | D:6      | 2672 ||| Stepping randomly (stuck).
  2673 | D:6      | 2673 ||| Stepping randomly (stuck).
  2674 | D:6      | 2674 ||| Stepping randomly (stuck).
  2675 | D:6      | 2675 ||| Stepping randomly (stuck).
  2677 | D:6      | 2677 ||| Stepping randomly (stuck).
  2678 | D:6      | 2678 ||| Stepping randomly (stuck).
  2679 | D:6      | 2679 ||| Stepping randomly (stuck).
  2680 | D:6      | 2680 ||| Stepping randomly (stuck).
  2681 | D:6      | 2681 ||| Stepping randomly (stuck).
  2682 | D:6      | 2682 ||| Stepping randomly (stuck).
  2683 | D:6      | 2683 ||| Stepping randomly (stuck).
  2684 | D:6      | 2684 ||| Stepping randomly (stuck).
  2685 | D:6      | 2685 ||| Stepping randomly (stuck).
  2686 | D:6      | 2686 ||| Stepping randomly (stuck).
  2687 | D:6      | 2687 ||| Stepping randomly (stuck).
  2688 | D:6      | 2688 ||| Stepping randomly (stuck).
  2689 | D:6      | 2689 ||| Stepping randomly (stuck).
  2690 | D:6      | 2690 ||| Stepping randomly (stuck).
  2691 | D:6      | 2691 ||| Stepping randomly (stuck).
  2692 | D:6      | 2692 ||| Stepping randomly (stuck).
  2693 | D:6      | 2693 ||| Stepping randomly (stuck).
  2694 | D:6      | 2694 ||| Stepping randomly (stuck).
  2695 | D:6      | 2695 ||| Stepping randomly (stuck).
  2696 | D:6      | 2696 ||| Stepping randomly (stuck).
  2697 | D:6      | 2697 ||| Stepping randomly (stuck).
  2698 | D:6      | 2698 ||| Stepping randomly (stuck).
  2699 | D:6      | 2699 ||| Stepping randomly (stuck).
  2700 | D:6      | 2700 ||| Stepping randomly (stuck).
  2701 | D:6      | 2701 ||| Stepping randomly (stuck).
  2702 | D:6      | 2702 ||| Stepping randomly (stuck).
  2703 | D:6      | 2703 ||| Stepping randomly (stuck).
  2704 | D:6      | 2704 ||| Stepping randomly (stuck).
  2705 | D:6      | 2705 ||| Stepping randomly (stuck).
  2706 | D:6      | 2706 ||| Stepping randomly (stuck).
  2707 | D:6      | 2707 ||| Stepping randomly (stuck).
  2708 | D:6      | 2708 ||| Stepping randomly (stuck).
  2709 | D:6      | 2709 ||| Stepping randomly (stuck).
  2710 | D:6      | 2710 ||| Stepping randomly (stuck).
  2711 | D:6      | 2711 ||| Stepping randomly (stuck).
  2712 | D:6      | 2712 ||| Stepping randomly (stuck).
  2713 | D:6      | 2713 ||| Stepping randomly (stuck).
  2714 | D:6      | 2714 ||| Stepping randomly (stuck).
  2715 | D:6      | 2715 ||| Stepping randomly (stuck).
  2716 | D:6      | 2716 ||| Stepping randomly (stuck).
  2717 | D:6      | 2717 ||| Stepping randomly (stuck).
  2718 | D:6      | 2718 ||| Stepping randomly (stuck).
  2719 | D:6      | 2719 ||| Stepping randomly (stuck).
  2720 | D:6      | 2720 ||| Stepping randomly (stuck).
  2721 | D:6      | 2721 ||| Stepping randomly (stuck).
  2722 | D:6      | 2722 ||| Stepping randomly (stuck).
  2723 | D:6      | 2723 ||| Stepping randomly (stuck).
  2724 | D:6      | 2724 ||| Stepping randomly (stuck).
  2725 | D:6      | 2725 ||| Stepping randomly (stuck).
  2726 | D:6      | 2726 ||| Stepping randomly (stuck).
  2727 | D:6      | 2727 ||| Stepping randomly (stuck).
  2728 | D:6      | 2728 ||| Stepping randomly (stuck).
  2729 | D:6      | 2729 ||| Stepping randomly (stuck).
  2730 | D:6      | 2730 ||| Stepping randomly (stuck).
  2731 | D:6      | 2731 ||| Stepping randomly (stuck).
  2732 | D:6      | 2732 ||| Stepping randomly (stuck).
  2733 | D:6      | 2733 ||| Stepping randomly (stuck).
  2734 | D:6      | 2734 ||| Stepping randomly (stuck).
  2735 | D:6      | 2735 ||| Stepping randomly (stuck).
  2736 | D:6      | 2736 ||| Stepping randomly (stuck).
  2737 | D:6      | 2737 ||| Stepping randomly (stuck).
  2738 | D:6      | 2738 ||| Stepping randomly (stuck).
  2739 | D:6      | 2739 ||| Stepping randomly (stuck).
  2740 | D:6      | 2740 ||| Stepping randomly (stuck).
  2741 | D:6      | 2741 ||| Stepping randomly (stuck).
  2742 | D:6      | 2742 ||| Stepping randomly (stuck).
  2743 | D:6      | 2743 ||| Stepping randomly (stuck).
  2744 | D:6      | 2744 ||| Stepping randomly (stuck).
  2745 | D:6      | 2745 ||| Stepping randomly (stuck).
  2746 | D:6      | 2746 ||| Stepping randomly (stuck).
  2747 | D:6      | 2747 ||| Stepping randomly (stuck).
  2748 | D:6      | 2748 ||| Stepping randomly (stuck).
  2749 | D:6      | 2749 ||| Stepping randomly (stuck).
  2750 | D:6      | 2750 ||| Stepping randomly (stuck).
  2751 | D:6      | 2751 ||| Stepping randomly (stuck).
  2752 | D:6      | 2752 ||| Stepping randomly (stuck).
  2753 | D:6      | 2753 ||| Stepping randomly (stuck).
  2754 | D:6      | 2754 ||| Stepping randomly (stuck).
  2755 | D:6      | 2755 ||| Stepping randomly (stuck).
  2756 | D:6      | 2756 ||| Stepping randomly (stuck).
  2757 | D:6      | 2757 ||| Stepping randomly (stuck).
  2758 | D:6      | 2758 ||| Stepping randomly (stuck).
  2759 | D:6      | 2759 ||| Stepping randomly (stuck).
  2760 | D:6      | 2760 ||| Stepping randomly (stuck).
  2761 | D:6      | 2761 ||| Stepping randomly (stuck).
  2762 | D:6      | 2762 ||| Stepping randomly (stuck).
  2763 | D:6      | 2763 ||| Stepping randomly (stuck).
  2764 | D:6      | 2764 ||| Stepping randomly (stuck).
  2765 | D:6      | 2765 ||| Stepping randomly (stuck).
  2766 | D:6      | 2766 ||| Stepping randomly (stuck).
  2767 | D:6      | 2767 ||| Stepping randomly (stuck).
  2768 | D:6      | 2768 ||| Stepping randomly (stuck).
  2769 | D:6      | 2769 ||| Stepping randomly (stuck).
  2770 | D:6      | 2770 ||| Stepping randomly (stuck).
  2771 | D:6      | 2771 ||| Stepping randomly (stuck).
  2772 | D:6      | 2772 ||| Stepping randomly (stuck).
  2773 | D:6      | 2773 ||| Stepping randomly (stuck).
  2774 | D:6      | 2774 ||| Stepping randomly (stuck).
  2775 | D:6      | 2775 ||| Stepping randomly (stuck).
  2776 | D:6      | 2776 ||| Stepping randomly (stuck).
  2777 | D:6      | 2777 ||| Stepping randomly (stuck).
  2778 | D:6      | 2778 ||| Stepping randomly (stuck).
  2779 | D:6      | 2779 ||| Stepping randomly (stuck).
  2780 | D:6      | 2780 ||| Stepping randomly (stuck).
  2781 | D:6      | 2781 ||| Stepping randomly (stuck).
  2782 | D:6      | 2782 ||| Stepping randomly (stuck).
  2783 | D:6      | 2783 ||| Stepping randomly (stuck).
  2784 | D:6      | 2784 ||| Stepping randomly (stuck).
  2785 | D:6      | 2785 ||| Stepping randomly (stuck).
  2786 | D:6      | 2786 ||| Stepping randomly (stuck).
  2787 | D:6      | 2787 ||| Stepping randomly (stuck).
  2788 | D:6      | 2788 ||| Stepping randomly (stuck).
  2789 | D:6      | 2789 ||| Stepping randomly (stuck).
  2790 | D:6      | 2790 ||| Stepping randomly (stuck).
  2791 | D:6      | 2791 ||| Stepping randomly (stuck).
  2792 | D:6      | 2792 ||| Stepping randomly (stuck).
  2793 | D:6      | 2793 ||| Stepping randomly (stuck).
  2794 | D:6      | 2794 ||| Stepping randomly (stuck).
  2795 | D:6      | 2795 ||| Stepping randomly (stuck).
  2796 | D:6      | 2796 ||| Stepping randomly (stuck).
  2797 | D:6      | 2797 ||| Stepping randomly (stuck).
  2798 | D:6      | 2798 ||| Stepping randomly (stuck).
  2799 | D:6      | 2799 ||| Stepping randomly (stuck).
  2800 | D:6      | 2800 ||| Stepping randomly (stuck).
  2801 | D:6      | 2801 ||| Stepping randomly (stuck).
  2802 | D:6      | 2802 ||| Stepping randomly (stuck).
  2803 | D:6      | 2803 ||| Stepping randomly (stuck).
  2804 | D:6      | 2804 ||| Stepping randomly (stuck).
  2805 | D:6      | 2805 ||| Stepping randomly (stuck).
  2806 | D:6      | 2806 ||| Stepping randomly (stuck).
  2807 | D:6      | 2807 ||| Stepping randomly (stuck).
  2808 | D:6      | 2808 ||| Stepping randomly (stuck).
  2809 | D:6      | 2809 ||| Stepping randomly (stuck).
  2810 | D:6      | 2810 ||| Stepping randomly (stuck).
  2811 | D:6      | 2811 ||| Stepping randomly (stuck).
  2812 | D:6      | 2812 ||| Stepping randomly (stuck).
  2813 | D:6      | 2813 ||| Stepping randomly (stuck).
  2814 | D:6      | 2814 ||| Stepping randomly (stuck).
  2815 | D:6      | 2815 ||| Stepping randomly (stuck).
  2816 | D:6      | 2816 ||| Stepping randomly (stuck).
  2817 | D:6      | 2817 ||| Stepping randomly (stuck).
  2818 | D:6      | 2818 ||| Stepping randomly (stuck).
  2819 | D:6      | 2819 ||| Stepping randomly (stuck).
  2820 | D:6      | 2820 ||| Stepping randomly (stuck).
  2821 | D:6      | 2821 ||| Stepping randomly (stuck).
  2822 | D:6      | 2822 ||| Stepping randomly (stuck).
  2823 | D:6      | 2823 ||| Stepping randomly (stuck).
  2824 | D:6      | 2824 ||| Stepping randomly (stuck).
  2825 | D:6      | 2825 ||| Stepping randomly (stuck).
  2826 | D:6      | 2826 ||| Stepping randomly (stuck).
  2827 | D:6      | 2827 ||| Stepping randomly (stuck).
  2828 | D:6      | 2828 ||| Stepping randomly (stuck).
  2829 | D:6      | 2829 ||| Stepping randomly (stuck).
  2830 | D:6      | 2830 ||| Stepping randomly (stuck).
  2831 | D:6      | 2831 ||| Stepping randomly (stuck).
  2832 | D:6      | 2832 ||| Stepping randomly (stuck).
  2833 | D:6      | 2833 ||| Stepping randomly (stuck).
  2834 | D:6      | 2834 ||| Stepping randomly (stuck).
  2835 | D:6      | 2835 ||| Stepping randomly (stuck).
  2836 | D:6      | 2836 ||| Stepping randomly (stuck).
  2837 | D:6      | 2837 ||| Stepping randomly (stuck).
  2838 | D:6      | 2838 ||| Stepping randomly (stuck).
  2839 | D:6      | 2839 ||| Stepping randomly (stuck).
  2840 | D:6      | 2840 ||| Stepping randomly (stuck).
  2841 | D:6      | 2841 ||| Stepping randomly (stuck).
  2842 | D:6      | 2842 ||| Stepping randomly (stuck).
  2843 | D:6      | 2843 ||| Stepping randomly (stuck).
  2844 | D:6      | 2844 ||| Stepping randomly (stuck).
  2845 | D:6      | 2845 ||| Stepping randomly (stuck).
  2846 | D:6      | 2846 ||| Stepping randomly (stuck).
  2847 | D:6      | 2847 ||| Stepping randomly (stuck).
  2848 | D:6      | 2848 ||| Stepping randomly (stuck).
  2849 | D:6      | 2849 ||| Stepping randomly (stuck).
  2850 | D:6      | 2850 ||| Stepping randomly (stuck).
  2851 | D:6      | 2851 ||| Stepping randomly (stuck).
  2852 | D:6      | 2852 ||| Stepping randomly (stuck).
  2853 | D:6      | 2853 ||| Stepping randomly (stuck).
  2854 | D:6      | 2854 ||| Stepping randomly (stuck).
  2855 | D:6      | 2855 ||| Stepping randomly (stuck).
  2856 | D:6      | 2856 ||| Stepping randomly (stuck).
  2857 | D:6      | 2857 ||| Stepping randomly (stuck).
  2858 | D:6      | 2858 ||| Stepping randomly (stuck).
  2859 | D:6      | 2859 ||| Stepping randomly (stuck).
  2860 | D:6      | 2860 ||| Stepping randomly (stuck).
  2861 | D:6      | 2861 ||| Stepping randomly (stuck).
  2862 | D:6      | 2862 ||| Stepping randomly (stuck).
  2863 | D:6      | 2863 ||| Stepping randomly (stuck).
  2864 | D:6      | 2864 ||| Stepping randomly (stuck).
  2865 | D:6      | 2865 ||| Stepping randomly (stuck).
  2866 | D:6      | 2866 ||| Stepping randomly (stuck).
  2867 | D:6      | 2867 ||| Stepping randomly (stuck).
  2868 | D:6      | 2868 ||| Stepping randomly (stuck).
  2869 | D:6      | 2869 ||| Stepping randomly (stuck).
  2870 | D:6      | 2870 ||| Stepping randomly (stuck).
  2871 | D:6      | 2871 ||| Stepping randomly (stuck).
  2872 | D:6      | 2872 ||| Stepping randomly (stuck).
  2873 | D:6      | 2873 ||| Stepping randomly (stuck).
  2874 | D:6      | 2874 ||| Stepping randomly (stuck).
  2875 | D:6      | 2875 ||| Stepping randomly (stuck).
  2876 | D:6      | 2876 ||| Stepping randomly (stuck).
  2877 | D:6      | 2877 ||| Stepping randomly (stuck).
  2878 | D:6      | 2878 ||| Stepping randomly (stuck).
  2879 | D:6      | 2879 ||| Stepping randomly (stuck).
  2880 | D:6      | 2880 ||| Stepping randomly (stuck).
  2881 | D:6      | 2881 ||| Stepping randomly (stuck).
  2882 | D:6      | 2882 ||| Stepping randomly (stuck).
  2883 | D:6      | 2883 ||| Stepping randomly (stuck).
  2884 | D:6      | 2884 ||| Stepping randomly (stuck).
  2885 | D:6      | 2885 ||| Stepping randomly (stuck).
  2886 | D:6      | 2886 ||| Stepping randomly (stuck).
  2887 | D:6      | 2887 ||| Stepping randomly (stuck).
  2888 | D:6      | 2888 ||| Stepping randomly (stuck).
  2889 | D:6      | 2889 ||| Stepping randomly (stuck).
  2890 | D:6      | 2890 ||| Stepping randomly (stuck).
  2891 | D:6      | 2891 ||| Stepping randomly (stuck).
  2892 | D:6      | 2892 ||| Stepping randomly (stuck).
  2893 | D:6      | 2893 ||| Stepping randomly (stuck).
  2894 | D:6      | 2894 ||| Stepping randomly (stuck).
  2895 | D:6      | 2895 ||| Stepping randomly (stuck).
  2896 | D:6      | 2896 ||| Stepping randomly (stuck).
  2897 | D:6      | 2897 ||| Stepping randomly (stuck).
  2898 | D:6      | 2898 ||| Stepping randomly (stuck).
  2899 | D:6      | 2899 ||| Stepping randomly (stuck).
  2900 | D:6      | 2900 ||| Stepping randomly (stuck).
  2901 | D:6      | 2901 ||| Stepping randomly (stuck).
  2902 | D:6      | 2902 ||| Stepping randomly (stuck).
  2903 | D:6      | 2903 ||| Stepping randomly (stuck).
  2904 | D:6      | 2904 ||| Stepping randomly (stuck).
  2905 | D:6      | 2905 ||| Stepping randomly (stuck).
  2906 | D:6      | 2906 ||| Stepping randomly (stuck).
  2907 | D:6      | 2907 ||| Stepping randomly (stuck).
  2908 | D:6      | 2908 ||| Stepping randomly (stuck).
  2909 | D:6      | 2909 ||| Stepping randomly (stuck).
  2910 | D:6      | 2910 ||| Stepping randomly (stuck).
  2911 | D:6      | 2911 ||| Stepping randomly (stuck).
  2912 | D:6      | 2912 ||| Stepping randomly (stuck).
  2913 | D:6      | 2913 ||| Stepping randomly (stuck).
  2914 | D:6      | 2914 ||| Stepping randomly (stuck).
  2915 | D:6      | 2915 ||| Stepping randomly (stuck).
  2916 | D:6      | 2916 ||| Stepping randomly (stuck).
  2917 | D:6      | 2917 ||| Stepping randomly (stuck).
  2918 | D:6      | 2918 ||| Stepping randomly (stuck).
  2919 | D:6      | 2919 ||| Stepping randomly (stuck).
  2920 | D:6      | 2920 ||| Stepping randomly (stuck).
  2921 | D:6      | 2921 ||| Stepping randomly (stuck).
  2922 | D:6      | 2922 ||| Stepping randomly (stuck).
  2923 | D:6      | 2923 ||| Stepping randomly (stuck).
  2924 | D:6      | 2924 ||| Stepping randomly (stuck).
  2925 | D:6      | 2925 ||| Stepping randomly (stuck).
  2926 | D:6      | 2926 ||| Stepping randomly (stuck).
  2927 | D:6      | 2927 ||| Stepping randomly (stuck).
  2928 | D:6      | 2928 ||| Stepping randomly (stuck).
  2929 | D:6      | 2929 ||| Stepping randomly (stuck).
  2930 | D:6      | 2930 ||| Stepping randomly (stuck).
  2931 | D:6      | 2931 ||| Stepping randomly (stuck).
  2932 | D:6      | 2932 ||| Stepping randomly (stuck).
  2933 | D:6      | 2933 ||| Stepping randomly (stuck).
  2934 | D:6      | 2934 ||| Stepping randomly (stuck).
  2935 | D:6      | 2935 ||| Stepping randomly (stuck).
  2936 | D:6      | 2936 ||| Stepping randomly (stuck).
  2937 | D:6      | 2937 ||| Stepping randomly (stuck).
  2938 | D:6      | 2938 ||| Stepping randomly (stuck).
  2939 | D:6      | 2939 ||| Stepping randomly (stuck).
  2940 | D:6      | 2940 ||| Stepping randomly (stuck).
  2941 | D:6      | 2941 ||| Stepping randomly (stuck).
  2942 | D:6      | 2942 ||| Stepping randomly (stuck).
  2943 | D:6      | 2943 ||| Stepping randomly (stuck).
  2944 | D:6      | 2944 ||| Stepping randomly (stuck).
  2945 | D:6      | 2945 ||| Stepping randomly (stuck).
  2946 | D:6      | 2946 ||| Stepping randomly (stuck).
  2947 | D:6      | 2947 ||| Stepping randomly (stuck).
  2948 | D:6      | 2948 ||| Stepping randomly (stuck).
  2949 | D:6      | 2949 ||| Stepping randomly (stuck).
  2950 | D:6      | 2950 ||| Stepping randomly (stuck).
  2951 | D:6      | 2951 ||| Stepping randomly (stuck).
  2952 | D:6      | 2952 ||| Stepping randomly (stuck).
  2953 | D:6      | 2953 ||| Stepping randomly (stuck).
  2954 | D:6      | 2954 ||| Stepping randomly (stuck).
  2955 | D:6      | 2955 ||| Stepping randomly (stuck).
  2956 | D:6      | 2956 ||| Stepping randomly (stuck).
  2957 | D:6      | 2957 ||| Stepping randomly (stuck).
  2958 | D:6      | 2958 ||| Stepping randomly (stuck).
  2959 | D:6      | 2959 ||| Stepping randomly (stuck).
  2960 | D:6      | 2960 ||| Stepping randomly (stuck).
  2961 | D:6      | 2961 ||| Stepping randomly (stuck).
  2962 | D:6      | 2962 ||| Stepping randomly (stuck).
  2963 | D:6      | 2963 ||| Stepping randomly (stuck).
  2964 | D:6      | 2964 ||| Stepping randomly (stuck).
  2965 | D:6      | 2965 ||| Stepping randomly (stuck).
  2966 | D:6      | 2966 ||| Stepping randomly (stuck).
  2967 | D:6      | 2967 ||| Stepping randomly (stuck).
  2968 | D:6      | 2968 ||| Stepping randomly (stuck).
  2969 | D:6      | 2969 ||| Stepping randomly (stuck).
  2970 | D:6      | 2970 ||| Stepping randomly (stuck).
  2971 | D:6      | 2971 ||| Stepping randomly (stuck).
  2972 | D:6      | 2972 ||| Stepping randomly (stuck).
  2973 | D:6      | 2973 ||| Stepping randomly (stuck).
  2974 | D:6      | 2974 ||| Stepping randomly (stuck).
  2975 | D:6      | 2975 ||| Stepping randomly (stuck).
  2976 | D:6      | 2976 ||| Stepping randomly (stuck).
  2977 | D:6      | 2977 ||| Stepping randomly (stuck).
  2978 | D:6      | 2978 ||| Stepping randomly (stuck).
  2979 | D:6      | 2979 ||| Stepping randomly (stuck).
  2980 | D:6      | 2980 ||| Stepping randomly (stuck).
  2981 | D:6      | 2981 ||| Stepping randomly (stuck).
  2982 | D:6      | 2982 ||| Stepping randomly (stuck).
  2983 | D:6      | 2983 ||| Stepping randomly (stuck).
  2984 | D:6      | 2984 ||| Stepping randomly (stuck).
  2985 | D:6      | 2985 ||| Stepping randomly (stuck).
  2986 | D:6      | 2986 ||| Stepping randomly (stuck).
  2987 | D:6      | 2987 ||| Stepping randomly (stuck).
  2988 | D:6      | 2988 ||| Stepping randomly (stuck).
  2989 | D:6      | 2989 ||| Stepping randomly (stuck).
  2990 | D:6      | 2990 ||| Stepping randomly (stuck).
  2991 | D:6      | 2991 ||| Stepping randomly (stuck).
  2992 | D:6      | 2992 ||| Stepping randomly (stuck).
  2993 | D:6      | 2993 ||| Stepping randomly (stuck).
  2994 | D:6      | 2994 ||| Stepping randomly (stuck).
  2995 | D:6      | 2995 ||| Stepping randomly (stuck).
  2996 | D:6      | 2996 ||| Stepping randomly (stuck).
  2997 | D:6      | 2997 ||| Stepping randomly (stuck).
  2998 | D:6      | 2998 ||| Stepping randomly (stuck).
  2999 | D:6      | 2999 ||| Stepping randomly (stuck).
  3000 | D:6      | 3000 ||| Stepping randomly (stuck).
  3001 | D:6      | 3001 ||| Stepping randomly (stuck).
  3002 | D:6      | 3002 ||| Stepping randomly (stuck).
  3003 | D:6      | 3003 ||| Stepping randomly (stuck).
  3004 | D:6      | 3004 ||| Stepping randomly (stuck).
  3005 | D:6      | 3005 ||| Stepping randomly (stuck).
  3006 | D:6      | 3006 ||| Stepping randomly (stuck).
  3007 | D:6      | 3007 ||| Stepping randomly (stuck).
  3008 | D:6      | 3008 ||| Stepping randomly (stuck).
  3009 | D:6      | 3009 ||| Stepping randomly (stuck).
  3010 | D:6      | 3010 ||| Stepping randomly (stuck).
  3011 | D:6      | 3011 ||| Stepping randomly (stuck).
  3012 | D:6      | 3012 ||| Stepping randomly (stuck).
  3013 | D:6      | 3013 ||| Stepping randomly (stuck).
  3014 | D:6      | 3014 ||| Stepping randomly (stuck).
  3015 | D:6      | 3015 ||| Stepping randomly (stuck).
  3016 | D:6      | 3016 ||| Stepping randomly (stuck).
  3017 | D:6      | 3017 ||| Stepping randomly (stuck).
  3018 | D:6      | 3018 ||| Stepping randomly (stuck).
  3019 | D:6      | 3019 ||| Stepping randomly (stuck).
  3020 | D:6      | 3020 ||| Stepping randomly (stuck).
  3021 | D:6      | 3021 ||| Stepping randomly (stuck).
  3022 | D:6      | 3022 ||| Stepping randomly (stuck).
  3023 | D:6      | 3023 ||| Stepping randomly (stuck).
  3024 | D:6      | 3024 ||| Stepping randomly (stuck).
  3025 | D:6      | 3025 ||| Stepping randomly (stuck).
  3026 | D:6      | 3026 ||| Stepping randomly (stuck).
  3027 | D:6      | 3027 ||| Stepping randomly (stuck).
  3028 | D:6      | 3028 ||| Stepping randomly (stuck).
  3029 | D:6      | 3029 ||| Stepping randomly (stuck).
  3030 | D:6      | 3030 ||| Stepping randomly (stuck).
  3031 | D:6      | 3031 ||| Stepping randomly (stuck).
  3032 | D:6      | 3032 ||| Stepping randomly (stuck).
  3033 | D:6      | 3033 ||| Stepping randomly (stuck).
  3034 | D:6      | 3034 ||| Stepping randomly (stuck).
  3035 | D:6      | 3035 ||| Stepping randomly (stuck).
  3036 | D:6      | 3036 ||| Stepping randomly (stuck).
  3037 | D:6      | 3037 ||| Stepping randomly (stuck).
  3038 | D:6      | 3038 ||| Stepping randomly (stuck).
  3039 | D:6      | 3039 ||| Stepping randomly (stuck).
  3040 | D:6      | 3040 ||| Stepping randomly (stuck).
  3041 | D:6      | 3041 ||| Stepping randomly (stuck).
  3042 | D:6      | 3042 ||| Stepping randomly (stuck).
  3043 | D:6      | 3043 ||| Stepping randomly (stuck).
  3044 | D:6      | 3044 ||| Stepping randomly (stuck).
  3045 | D:6      | 3045 ||| Stepping randomly (stuck).
  3046 | D:6      | 3046 ||| Stepping randomly (stuck).
  3047 | D:6      | 3047 ||| Stepping randomly (stuck).
  3048 | D:6      | 3048 ||| Stepping randomly (stuck).
  3049 | D:6      | 3049 ||| Stepping randomly (stuck).
  3050 | D:6      | 3050 ||| Stepping randomly (stuck).
  3051 | D:6      | 3051 ||| Stepping randomly (stuck).
  3052 | D:6      | 3052 ||| Stepping randomly (stuck).
  3053 | D:6      | 3053 ||| Stepping randomly (stuck).
  3054 | D:6      | 3054 ||| Stepping randomly (stuck).
  3055 | D:6      | 3055 ||| Stepping randomly (stuck).
  3056 | D:6      | 3056 ||| Stepping randomly (stuck).
  3057 | D:6      | 3057 ||| Stepping randomly (stuck).
  3058 | D:6      | 3058 ||| Stepping randomly (stuck).
  3059 | D:6      | 3059 ||| Stepping randomly (stuck).
  3060 | D:6      | 3060 ||| Stepping randomly (stuck).
  3061 | D:6      | 3061 ||| Stepping randomly (stuck).
  3062 | D:6      | 3062 ||| Stepping randomly (stuck).
  3063 | D:6      | 3063 ||| Stepping randomly (stuck).
  3064 | D:6      | 3064 ||| Stepping randomly (stuck).
  3065 | D:6      | 3065 ||| Stepping randomly (stuck).
  3066 | D:6      | 3066 ||| Stepping randomly (stuck).
  3067 | D:6      | 3067 ||| Stepping randomly (stuck).
  3068 | D:6      | 3068 ||| Stepping randomly (stuck).
  3069 | D:6      | 3069 ||| Stepping randomly (stuck).
  3070 | D:6      | 3070 ||| Stepping randomly (stuck).
  3071 | D:6      | 3071 ||| Stepping randomly (stuck).
  3072 | D:6      | 3072 ||| Stepping randomly (stuck).
  3073 | D:6      | 3073 ||| Stepping randomly (stuck).
  3074 | D:6      | 3074 ||| Stepping randomly (stuck).
  3075 | D:6      | 3075 ||| Stepping randomly (stuck).
  3076 | D:6      | 3076 ||| Stepping randomly (stuck).
  3077 | D:6      | 3077 ||| Stepping randomly (stuck).
  3078 | D:6      | 3078 ||| Stepping randomly (stuck).
  3079 | D:6      | 3079 ||| Stepping randomly (stuck).
  3080 | D:6      | 3080 ||| Stepping randomly (stuck).
  3081 | D:6      | 3081 ||| Stepping randomly (stuck).
  3082 | D:6      | 3082 ||| Stepping randomly (stuck).
  3083 | D:6      | 3083 ||| Stepping randomly (stuck).
  3084 | D:6      | 3084 ||| Stepping randomly (stuck).
  3085 | D:6      | 3085 ||| Stepping randomly (stuck).
  3086 | D:6      | 3086 ||| Stepping randomly (stuck).
  3087 | D:6      | 3087 ||| Stepping randomly (stuck).
  3088 | D:6      | 3088 ||| Stepping randomly (stuck).
  3089 | D:6      | 3089 ||| Stepping randomly (stuck).
  3090 | D:6      | 3090 ||| Stepping randomly (stuck).
  3091 | D:6      | 3091 ||| Stepping randomly (stuck).
  3092 | D:6      | 3092 ||| Stepping randomly (stuck).
  3093 | D:6      | 3093 ||| Stepping randomly (stuck).
  3094 | D:6      | 3094 ||| Stepping randomly (stuck).
  3095 | D:6      | 3095 ||| Stepping randomly (stuck).
  3096 | D:6      | 3096 ||| Stepping randomly (stuck).
  3097 | D:6      | 3097 ||| Stepping randomly (stuck).
  3098 | D:6      | 3098 ||| Stepping randomly (stuck).
  3099 | D:6      | 3099 ||| Stepping randomly (stuck).
  3100 | D:6      | 3100 ||| Stepping randomly (stuck).
  3101 | D:6      | 3101 ||| Stepping randomly (stuck).
  3102 | D:6      | 3102 ||| Stepping randomly (stuck).
  3103 | D:6      | 3103 ||| Stepping randomly (stuck).
  3104 | D:6      | 3104 ||| Stepping randomly (stuck).
  3105 | D:6      | 3105 ||| Stepping randomly (stuck).
  3106 | D:6      | 3106 ||| Stepping randomly (stuck).
  3107 | D:6      | 3107 ||| Stepping randomly (stuck).
  3108 | D:6      | 3108 ||| Stepping randomly (stuck).
  3109 | D:6      | 3109 ||| Stepping randomly (stuck).
  3110 | D:6      | 3110 ||| Stepping randomly (stuck).
  3111 | D:6      | 3111 ||| Stepping randomly (stuck).
  3112 | D:6      | 3112 ||| Stepping randomly (stuck).
  3113 | D:6      | 3113 ||| Stepping randomly (stuck).
  3114 | D:6      | 3114 ||| Stepping randomly (stuck).
  3115 | D:6      | 3115 ||| Stepping randomly (stuck).
  3116 | D:6      | 3116 ||| Stepping randomly (stuck).
  3117 | D:6      | 3117 ||| Stepping randomly (stuck).
  3118 | D:6      | 3118 ||| Stepping randomly (stuck).
  3119 | D:6      | 3119 ||| Stepping randomly (stuck).
  3120 | D:6      | 3120 ||| Stepping randomly (stuck).
  3121 | D:6      | 3121 ||| Stepping randomly (stuck).
  3122 | D:6      | 3122 ||| Stepping randomly (stuck).
  3123 | D:6      | 3123 ||| Stepping randomly (stuck).
  3124 | D:6      | 3124 ||| Stepping randomly (stuck).
  3125 | D:6      | 3125 ||| Stepping randomly (stuck).
  3126 | D:6      | 3126 ||| Stepping randomly (stuck).
  3127 | D:6      | 3127 ||| Stepping randomly (stuck).
  3128 | D:6      | 3128 ||| Stepping randomly (stuck).
  3129 | D:6      | 3129 ||| Stepping randomly (stuck).
  3130 | D:6      | 3130 ||| Stepping randomly (stuck).
  3131 | D:6      | 3131 ||| Stepping randomly (stuck).
  3132 | D:6      | 3132 ||| Stepping randomly (stuck).
  3133 | D:6      | 3133 ||| Stepping randomly (stuck).
  3134 | D:6      | 3134 ||| Stepping randomly (stuck).
  3135 | D:6      | 3135 ||| Stepping randomly (stuck).
  3136 | D:6      | 3136 ||| Stepping randomly (stuck).
  3137 | D:6      | 3137 ||| Stepping randomly (stuck).
  3138 | D:6      | 3138 ||| Stepping randomly (stuck).
  3139 | D:6      | 3139 ||| Stepping randomly (stuck).
  3140 | D:6      | 3140 ||| Stepping randomly (stuck).
  3141 | D:6      | 3141 ||| Stepping randomly (stuck).
  3142 | D:6      | 3142 ||| Stepping randomly (stuck).
  3143 | D:6      | 3143 ||| Stepping randomly (stuck).
  3144 | D:6      | 3144 ||| Stepping randomly (stuck).
  3145 | D:6      | 3145 ||| Stepping randomly (stuck).
  3146 | D:6      | 3146 ||| Stepping randomly (stuck).
  3147 | D:6      | 3147 ||| Stepping randomly (stuck).
  3148 | D:6      | 3148 ||| Stepping randomly (stuck).
  3149 | D:6      | 3149 ||| Stepping randomly (stuck).
  3150 | D:6      | 3150 ||| Stepping randomly (stuck).
  3151 | D:6      | 3151 ||| Stepping randomly (stuck).
  3152 | D:6      | 3152 ||| Stepping randomly (stuck).
  3153 | D:6      | 3153 ||| Stepping randomly (stuck).
  3154 | D:6      | 3154 ||| Stepping randomly (stuck).
  3155 | D:6      | 3155 ||| Stepping randomly (stuck).
  3156 | D:6      | 3156 ||| Stepping randomly (stuck).
  3157 | D:6      | 3157 ||| Stepping randomly (stuck).
  3158 | D:6      | 3158 ||| Stepping randomly (stuck).
  3159 | D:6      | 3159 ||| Stepping randomly (stuck).
  3160 | D:6      | 3160 ||| Stepping randomly (stuck).
  3161 | D:6      | 3161 ||| Stepping randomly (stuck).
  3162 | D:6      | 3162 ||| Stepping randomly (stuck).
  3163 | D:6      | 3163 ||| Stepping randomly (stuck).
  3164 | D:6      | 3164 ||| Stepping randomly (stuck).
  3165 | D:6      | 3165 ||| Stepping randomly (stuck).
  3166 | D:6      | 3166 ||| Stepping randomly (stuck).
  3167 | D:6      | 3167 ||| Stepping randomly (stuck).
  3168 | D:6      | 3168 ||| Stepping randomly (stuck).
  3169 | D:6      | 3169 ||| Stepping randomly (stuck).
  3170 | D:6      | 3170 ||| Stepping randomly (stuck).
  3171 | D:6      | 3171 ||| Stepping randomly (stuck).
  3172 | D:6      | 3172 ||| Stepping randomly (stuck).
  3173 | D:6      | 3173 ||| Stepping randomly (stuck).
  3174 | D:6      | 3174 ||| Stepping randomly (stuck).
  3175 | D:6      | 3175 ||| Stepping randomly (stuck).
  3176 | D:6      | 3176 ||| Stepping randomly (stuck).
  3177 | D:6      | 3177 ||| Stepping randomly (stuck).
  3178 | D:6      | 3178 ||| Stepping randomly (stuck).
  3179 | D:6      | 3179 ||| Stepping randomly (stuck).
  3180 | D:6      | 3180 ||| Stepping randomly (stuck).
  3181 | D:6      | 3181 ||| Stepping randomly (stuck).
  3182 | D:6      | 3182 ||| Stepping randomly (stuck).
  3183 | D:6      | 3183 ||| Stepping randomly (stuck).
  3184 | D:6      | 3184 ||| Stepping randomly (stuck).
  3185 | D:6      | 3185 ||| Stepping randomly (stuck).
  3186 | D:6      | 3186 ||| Stepping randomly (stuck).
  3187 | D:6      | 3187 ||| Stepping randomly (stuck).
  3188 | D:6      | 3188 ||| Stepping randomly (stuck).
  3189 | D:6      | 3189 ||| Stepping randomly (stuck).
  3190 | D:6      | 3190 ||| Stepping randomly (stuck).
  3191 | D:6      | 3191 ||| Stepping randomly (stuck).
  3192 | D:6      | 3192 ||| Stepping randomly (stuck).
  3193 | D:6      | 3193 ||| Stepping randomly (stuck).
  3194 | D:6      | 3194 ||| Stepping randomly (stuck).
  3195 | D:6      | 3195 ||| Stepping randomly (stuck).
  3196 | D:6      | 3196 ||| Stepping randomly (stuck).
  3197 | D:6      | 3197 ||| Stepping randomly (stuck).
  3198 | D:6      | 3198 ||| Stepping randomly (stuck).
  3199 | D:6      | 3199 ||| Stepping randomly (stuck).
  3200 | D:6      | 3200 ||| Stepping randomly (stuck).
  3201 | D:6      | 3201 ||| Stepping randomly (stuck).
  3202 | D:6      | 3202 ||| Stepping randomly (stuck).
  3203 | D:6      | 3203 ||| Stepping randomly (stuck).
  3204 | D:6      | 3204 ||| Stepping randomly (stuck).
  3205 | D:6      | 3205 ||| Stepping randomly (stuck).
  3206 | D:6      | 3206 ||| Stepping randomly (stuck).
  3207 | D:6      | 3207 ||| Stepping randomly (stuck).
  3208 | D:6      | 3208 ||| Stepping randomly (stuck).
  3209 | D:6      | 3209 ||| Stepping randomly (stuck).
  3210 | D:6      | 3210 ||| Stepping randomly (stuck).
  3211 | D:6      | 3211 ||| Stepping randomly (stuck).
  3212 | D:6      | 3212 ||| Stepping randomly (stuck).
  3213 | D:6      | 3213 ||| Stepping randomly (stuck).
  3214 | D:6      | 3214 ||| Stepping randomly (stuck).
  3215 | D:6      | 3215 ||| Stepping randomly (stuck).
  3216 | D:6      | 3216 ||| Stepping randomly (stuck).
  3217 | D:6      | 3217 ||| Stepping randomly (stuck).
  3218 | D:6      | 3218 ||| Stepping randomly (stuck).
  3219 | D:6      | 3219 ||| Stepping randomly (stuck).
  3220 | D:6      | 3220 ||| Stepping randomly (stuck).
  3221 | D:6      | 3221 ||| Stepping randomly (stuck).
  3222 | D:6      | Quit the game

Levels and vault maps discovered:
D:1:      dpeg_arrival_rhombi, layout_basic
D:2:      layout_loops_ring
D:3:      layout_rooms, serial_shops, shop
D:6:      layout_loops_corners, serial_shops, nicolae_shop_statue_plus

Skill      XL: |  1  2  3  4  5 |
---------------+----------------+-----
Ranged Weapons | 6 7 9 |  9.1
Dodging        | 3 |  3.8
Fighting       | |  1.5
Stealth        | |  1.2

Action                     |  1- 3 |  4- 6 || total
---------------------------+-------+-------++-------
   Fire: Shortbow          |   132 |    20 ||   152
         Orcbow            |       |    20 ||    20
    Use: Scroll            |     6 |     4 ||    10
         Potion            |     3 |     1 ||     4
 Armour: Leather armour    |    10 |     7 ||    17
  Dodge: Dodged            |    24 |    20 ||    44

Table legend:
 A = Non-vault XP
 B = Vault XP
 C = Vault XP percentage of total XP
 D = Non-vault monster count
 E = Vault monster count
 F = Vault count percentage of total count
                 A         B        C        D         E       F
            +---------+---------+-------+---------+---------+-------
      Total |     399 |       0 |   0.0 |      56 |       0 |   0.0
            +---------+---------+-------+---------+---------+-------
        D:1 |      36 |       0 |   0.0 |      22 |       0 |   0.0
        D:2 |      45 |       0 |   0.0 |      16 |       0 |   0.0
        D:3 |      18 |       0 |   0.0 |       9 |       0 |   0.0
        D:6 |     300 |       0 |   0.0 |       9 |       0 |   0.0
            +---------+---------+-------+---------+---------+-------
